 Seeded DCSS version 0.30.1-9-gdf580d7c3d (webtiles) character file.

Game seed: 5 (custom seed)

2870 Kazon the Grave Robber (level 9, -3/58 (66) HPs)
             Began as a Demonspawn Necromancer on Oct 6, 2023.
             Was a Priest of Okawaru.
             Slain by a wight
             ... wielding a +3 mace
              (5 damage)
             ... on level 7 of the Dungeon.
             The game lasted 00:36:44 (4414 turns).

Kazon the Grave Robber (Demonspawn Necromancer)     Turns: 4414, Time: 00:36:44

HP:   -3/58 (66)    AC:  4    Str: 10    XL:     9   Next: 47%
MP:   20/24         EV: 18    Int: 18    God:    Okawaru [***...]
Gold: 335           SH:  0    Dex: 21    Spells: 7/16 levels left

rFire   . . .        f - +0 hand axe (flame)
rCold   . . .        (no shield)
rNeg    . . .        y - +0 leather armour
rPois   .            (helmet unavailable)
rElec   .            (no cloak)
rCorr   .            (no gloves)
SInv    +            (no boots)
Will    .....        (no amulet)
Stlth   ++++         d - ring of magical power
HPRegen 0.29/turn    u - +6 ring of dexterity
MPRegen 0.19/turn

%: no passive effects
@: heroic, finesse-ful, heavily drained
A: antennae 3, rugged brown scales 1, powered by death 2
a: Renounce Religion, Heroism


You were on level 7 of the Dungeon.
You worshipped Okawaru.
Okawaru was most pleased with you.
You visited 2 branches of the dungeon, and saw 8 of its levels.
You also visited: Ossuary.

You collected 335 gold pieces.

Inventory:

Hand Weapons
 e - a +2 vampiric dagger
 f - a +0 hand axe of flaming (weapon)
 w - the +4 longbow "Dragonbane" {heavy, +Blink Fly rElec Int+3}
   (You acquired it on level 1 of the Dungeon)

   Int:       It affects your intelligence (+3).
   rElec:     It insulates you from electricity.
   Fly:       It grants you flight.
   +Blink:    It lets you blink.
Missiles
 i - 5 boomerangs (quivered)
 o - 11 poisoned darts
 p - 47 stones
Armour
 y - a +0 leather armour (worn)
Jewellery
 d - a ring of magical power (left hand)
 u - a +6 ring of dexterity (right hand)
 A - an amulet of guardian spirit
Wands
 a - a wand of paralysis (8)
Scrolls
 c - a scroll of amnesia {unknown}
 g - 2 scrolls of fear {unknown}
 j - a scroll of teleportation
 k - a scroll of summoning
 l - 5 scrolls of identify {unknown}
 m - 2 scrolls of magic mapping {unknown}
 n - a scroll of blinking {unknown}
 t - a scroll of torment {unknown}
 x - a scroll of fog {unknown}
 C - a scroll of poison {unknown}
 D - a scroll of enchant armour {unknown}
 G - a scroll of enchant weapon {unknown}
Potions
 b - 2 potions of magic
 h - 4 potions of curing
 q - 5 potions of flight {unknown}
 r - 2 potions of berserk rage {unknown}
 s - 2 potions of invisibility {unknown}
 v - 4 potions of heal wounds {unknown}
 z - a potion of lignification {unknown}
 B - 4 potions of attraction {unknown}
 E - a potion of haste {unknown}
 F - 2 potions of brilliance {unknown}


   Skills:
 * Level 3.9(8.9) Fighting
 + Level 1.3(6.3) Short Blades
 + Level 3.3(8.3) Axes
 + Level 4.7(9.7) Ranged Weapons
 + Level 0.4(5.4) Throwing
 + Level 2.2(7.2) Armour
 * Level 4.5(9.5) Dodging
 + Level 3.0(8.0) Stealth
 + Level 4.1 Spellcasting
 + Level 6.0 Necromancy
 * Level 4.9 Invocations
 * Level 4.6 Evocations


You had 7 spell levels left.
You knew the following spells:

 Your Spells              Type           Power      Damage    Failure   Level
a - Necrotise             Necr           100%       1d9       1%          1
b - Vampiric Draining     Necr           25%        2d7       4%          3
c - Agony                 Necr           25%        N/A       38%         5

Your spell library contained the following spells:

 Spells                   Type           Power      Damage    Failure   Level
 Frozen Ramparts          Ice            6%         1d1       50%         3
 Ignite Poison            Fire/Tmut/Pois 3%         N/A       50%         3
 Ice Form                 Ice/Tmut       3%         N/A       88%         4
 Sticky Flame             Conj/Fire      3%         2d3       88%         4
 Eringya's Noxious Bog    Tmut/Pois      1%         N/A       100%        6
 Ignition                 Fire           1%         3d3       100%        8
 Animate Dead             Necr           Unusable   N/A       N/A         4
 Summon Ice Beast         Ice/Summ       Unusable   N/A       N/A         4
 Summon Forest            Summ/Tloc      Unusable   N/A       N/A         5
 Summon Hydra             Summ           Unusable   N/A       N/A         7

Dungeon Overview and Level Annotations

Branches:
Dungeon (7/15)             Temple (1/1) D:4         Ossuary (visited)

Altars:
Dithmenos
Fedhas
Gozag
Hepliaklqana
Okawaru
Qazlal
Trog
Uskayaw
Wu Jian
Xom


Innate Abilities, Weirdness & Mutations

You have a pair of large antennae on your head. (SInv)
You are partially covered in rugged brown scales. (AC +1, +3% HP)
You regenerate health from kills.


Message History

You hit the wight but do no damage. The wight hits you with a +3 mace!
You closely miss the wight. The wight misses you.
You barely miss the wight. The wight barely misses you.
You hit the wight but do no damage. The wight closely misses you.
You hit the wight but do no damage. The wight completely misses you.
You hit the wight but do no damage. The wight closely misses you.
The wight barely misses you.
You hit the wight. You burn the wight.
The wight is lightly damaged.
The wight hits you from afar with a +4 trident.
You feel drained. The wight hits you with a +3 mace.
You hit the wight but do no damage.
The wight is lightly damaged.
You hit the wight. You burn the wight.
The wight is moderately damaged.
The wight hits you from afar with a +4 trident.
The wight misses you.
You barely miss the wight.
The wight is moderately damaged.
The wight hits you from afar with a +4 trident!
You feel drained. The wight hits you with a +3 mace.
* * * LOW HITPOINT WARNING * * *
You can now deal lightning-fast blows.
You can no longer speed up your combat.
The wight misses you. The wight closely misses you.
You hit the wight but do no damage.
The wight is moderately damaged.
The wight hits you with a +3 mace!
* * * LOW HITPOINT WARNING * * *
You feel drained.
* * * LOW HITPOINT WARNING * * *
The wight barely misses you.
Okay, then.
Casting: Vampiric Draining (dangerous; 4% risk of failure)
Confirm with . or Enter, or press ? or * to list all spells.
You can't see any susceptible monsters within range! (Use Z to cast anyway.) Unknown command.
Unknown command.
The wight attacks as you move away! The wight hits you with a +3 mace.
You die...

#.....###.# #.....#
#.# #.#.### #.#
..#.#####.##
###........#
#######..# ### #..#
##.## #..# ##.#.##
#..#####@###.##
######...).zz...##.#
#........####.#.#.##
..........# ##...##
##.#####.## ##.## #
#.# #.# #.# #.# #)#
#.# { #.#######.#


You could see 2 wights.

Vanquished Creatures
  Sigmund (D:4)
  Duvessa (D:6)
  A water moccasin (D:6)
  2 black bears (D:4)
  2 centaurs
  2 ogres
  An elf zombie (Ossuary)
  A kobold brigand (D:7)
  2 scorpions
  7 wights (D:7)
  4 killer bees (D:7)
  Dowan (D:6)
  A howler monkey (D:6)
  6 hounds
  A centaur zombie (Ossuary)
  3 orc priests (D:6)
  3 human zombies (Ossuary)
  A jelly (D:5)
  6 iguanas
  4 orc wizards (D:6)
  4 ogre zombies (Ossuary)
  7 mummies (Ossuary)
  4 gnolls (D:5)
  9 adders
  A white imp (D:7)
  2 ufetubi
  A worm zombie (D:7)
  2 adder zombies (Ossuary)
  3 worms
  15 orcs
  4 bats
  8 endoplasms
  A giant cockroach (D:1)
  12 goblins
  7 hobgoblins
  9 jackals
  10 kobolds
  3 quokkas (D:4)
  6 ball pythons
  3 frilled lizards
  4 goblin zombies (Ossuary)
  6 hobgoblin zombies
  3 kobold zombies
  4 quokka zombies (Ossuary)
  4 rats
  4 rat zombies (Ossuary)
186 creatures vanquished.

Vanquished Creatures (collateral kills)
  An endoplasm (D:2)
  2 jackals
3 creatures vanquished.

Grand Total: 189 creatures vanquished

Notes
Turn   | Place    | Note
-------+----------+-------------------------------------------
     0 | D:1      | Kazon the Demonspawn Necromancer began the quest for the
                  | Orb.
     0 | D:1      | Reached XP level 1. HP: 13/13 MP: 3/3
    51 | D:1      | Identified a scroll of acquirement
    51 | D:1      | Acquired the +4 longbow "Dragonbane" {heavy, +Blink Fly
                  | rElec Int+3}
    81 | D:1      | Gained mutation: You have a pair of small antennae on your
                  | head. [demonic ancestry]
    81 | D:1      | Reached XP level 2. HP: 19/19 MP: 5/5
   425 | D:1      | Gained mutation: You are partially covered in rugged brown
                  | scales. (AC +1, +3% HP) [demonic ancestry]
   425 | D:1      | Reached XP level 3. HP: 19/24 MP: 6/6
   516 | D:1      | Learned a level 3 spell: Vampiric Draining
   849 | D:1      | Reached skill level 1 in Evocations
   947 | D:2      | Reached XP level 4. HP: 31/31 MP: 7/7
  1006 | D:2      | Reached skill level 5 in Necromancy
  1068 | D:2      | Reached skill level 1 in Ranged Weapons
  1588 | D:3      | Found a blossoming altar of Fedhas.
  1711 | D:3      | Found a stormy altar of Qazlal.
  1813 | D:3      | Found a faded altar of an unknown god.
  1918 | D:3      | Identified the +2 sling "Qeuhanocyt" {speed, rElec Str-3
                  | Dex+2}
  1959 | D:4      | Found a staircase to the Ecumenical Temple.
  1967 | Temple   | Entered the Ecumenical Temple
  1981 | Temple   | Became a worshipper of Warmaster Okawaru
  2026 | D:4      | Noticed a scorpion
  2031 | D:4      | Killed a scorpion
  2032 | D:4      | Reached skill level 1 in Fighting
  2032 | D:4      | Reached skill level 1 in Short Blades
  2032 | D:4      | Gained mutation: You regenerate a little health from kills.
                  | [demonic ancestry]
  2032 | D:4      | Reached XP level 5. HP: 38/38 MP: 8/8
  2129 | D:4      | Reached skill level 1 in Armour
  2144 | D:4      | Noticed a black bear
  2147 | D:4      | Killed a black bear
  2147 | D:4      | Reached * piety under Okawaru
  2148 | D:4      | Reached skill level 1 in Invocations
  2148 | D:4      | Gained mutation: You have a pair of antennae on your head.
                  | [demonic ancestry]
  2148 | D:4      | Reached XP level 6. HP: 44/44 MP: 10/10
  2209 | D:4      | Noticed Sigmund
  2235 | D:4      | Killed Sigmund
  2236 | D:4      | Gained mutation: You have a pair of large antennae on your
                  | head. (SInv) [demonic ancestry]
  2236 | D:4      | Reached XP level 7. HP: 24/50 MP: 11/11
  2513 | D:4      | Found a hazy altar of Hepliaklqana.
  2514 | D:4      | Found a shadowy altar of Dithmenos.
  2514 | D:4      | Noticed a shadow
  2805 | D:5      | Entered Level 5 of the Dungeon
  2978 | D:5      | Reached skill level 1 in Axes
  3140 | D:5      | Reached ** piety under Okawaru
  3211 | D:6      | Noticed Dowan
  3212 | D:6      | Killed Dowan
  3212 | D:6      | Noticed Duvessa
  3217 | D:6      | Killed Duvessa
  3218 | D:6      | Gained mutation: You regenerate health from kills. [demonic
                  | ancestry]
  3218 | D:6      | Reached XP level 8. HP: 54/58 MP: 12/13
  3226 | D:6      | Learned a level 5 spell: Agony
  3312 | D:6      | Reached *** piety under Okawaru
  3374 | D:6      | Found a shimmering altar of Xom.
  3454 | D:6      | Reached skill level 6 in Necromancy
  3679 | D:7      | Found a sand-covered staircase.
  3687 | Ossuary  | Entered an ossuary
  3727 | Ossuary  | Reached **** piety under Okawaru
  3728 | Ossuary  | Reached XP level 9. HP: 39/64 MP: 15/15
  4410 | D:7      | HP: 1/58 [wight/+3 mace (4)]
  4414 | D:7      | Slain by a wight

Illustrated notes

Levels and vault maps discovered:
D:1:      ebering_trefoil_3fold, layout_basic, st_stairs_14, serial_bayou_ford_a
D:2:      layout_basic, hangedman_decor_growths, minmay_close_crescents
D:3:      layout_rooms, mainiacjoe_overflow_concentric_impassable,
          mainiacjoe_overflow_paths, shapermc_ecumenical_altar_acropolis,
          chequers_serial_rivers_micro_b
D:4:      layout_basic, riverfiend_overflow_shadow_ancestor,
          minmay_temple_entry_glass, uniq_sigmund
D:5:      layout_gridville
D:6:      layout_basic, xom_teletrap_fun, uniq_duvessa
D:7:      layout_loops_ring, enter_ossuary_3, roderic_batcave
Temple:   nicolae_temple_elliptical

Skill      XL: |  1  2  3  4  5  6  7  8  9 |
---------------+----------------------------+-----
Stealth        | 2 3 |  3.0
Dodging        | 2 3 4 |  4.5
Evocations     | 1 2 3 4 |  4.6
Necromancy     | 5 6 |  6.0
Ranged Weapons | 1 2 4 |  4.7
Fighting       | 1 2 3 |  3.9
Short Blades   | 1 |  1.3
Armour         | 1 2 |  2.2
Invocations    | 1 2 3 4 |  4.9
Spellcasting   | 3 4 |  4.1
Axes           | 1 2 3 |  3.3
Throwing       | |  0.4

Action                     |  1- 3 |  4- 6 |  7- 9 || total
---------------------------+-------+-------+-------++-------
  Melee: Unarmed           |    19 |       |       ||    19
         Dagger            |       |     2 |     9 ||    11
         Hand axe          |       |       |   178 ||   178
         Punch             |       |       |     2 ||     2
   Fire: Longbow           |    41 |    54 |   149 ||   244
  Throw: Dart              |       |       |     3 ||     3
         Stone             |       |       |     7 ||     7
   Cast: Necrotise         |    15 |     9 |    13 ||    37
         Vampiric Draining |       |    10 |    17 ||    27
 Invoke: Heroism           |       |       |     1 ||     1
         Finesse           |       |       |     1 ||     1
Ability: Evoke Blink       |     1 |     1 |     1 ||     3
    Use: Scroll            |     2 |     1 |     1 ||     4
         Potion            |       |       |     2 ||     2
   Stab: Distracted        |       |     1 |       ||     1
         Sleeping          |       |       |     7 ||     7
 Armour: Robe              |     7 |    12 |       ||    19
         Leather armour    |       |       |    57 ||    57
  Dodge: Dodged            |    31 |    34 |   213 ||   278
